San Jose Sharks vs Pittsburgh Penguins
Created - Monday, December 16, 2024 at 07:31
Goals
|
| San Jose Sharks |
0 |
2 |
0 |
1 |
3 |
| Pittsburgh Penguins |
1 |
1 |
0 |
0 |
2 |
|
Shots
|
| San Jose Sharks |
7 |
15 |
7 |
3 |
32 |
| Pittsburgh Penguins |
14 |
11 |
11 |
2 |
38 |
|
1st period
1. Pittsburgh Penguins , Pavel Buchnevich 2 (Leon Draisaitl 3, Sam Reinhart 1) at 18:09
Penalties :
Pierre-Luc Dubois (SJS) for High sticking (Minor) at 12:51
2nd period
2. San Jose Sharks , Jonathan Drouin 2 (Christian Dvorak 2) at 8:18
3. San Jose Sharks , Luke Kunin 1 (Jonathan Drouin 1, Christian Dvorak 3) at 14:12
4. Pittsburgh Penguins , Dylan Guenther 1 (Jean-Gabriel Pageau 1, Erik Karlsson 3) at 18:44
Penalties :
Erik Gudbranson (PIT) for Fighting (Major) at 15:33, Connor Murphy (SJS) for Fighting (Major) at 15:33, Mark Giordano (PIT) for Kneeing (Minor) at 18:51
3rd period
No Goal
Penalties :
Blake Coleman (PIT) for Cross-checking (Minor) at 4:52, Jean-Gabriel Pageau (PIT) for Holding (Minor) at 16:28
Overtime #1
5. San Jose Sharks , Adam Henrique 1 (Rickard Rakell 2, Sean Durzi 2) at 1:46
Penalties :
No Penalty
Goalie Stats
Tristan Jarry (SJS), 36 saves from 38 shots - (0.947), W, 1-0-1, 61:46 minutes
Jordan Binnington (PIT), 29 saves from 32 shots - (0.906), OTL, 1-0-1, 61:46 minutes
Players Stats for San Jose Sharks
Player Name G A P +/- PIM S H SB GA TA FO MP PP MP PK MP
------------------------------------------------------------------------------------
Adam Henrique 1 0 1 0 0 3 1 0 1 1 9/15 19:53 3:01 0:58
Anthony Mantha 0 0 0 0 0 0 2 1 0 0 0/1 19:26 3:01 1:01
Barrett Hayton 0 0 0 0 0 1 0 0 0 1 2/3 9:08 0:00 0:00
Christian Dvorak 0 2 2 2 0 2 0 0 1 0 9/18 13:50 0:00 0:00
Christopher Tanev 0 0 0 0 0 0 1 2 0 1 0/0 23:38 3:15 0:39
Connor Murphy 0 0 0 2 5 2 0 3 0 0 0/0 18:45 0:00 1:20
Dmitry Orlov 0 0 0 0 0 0 0 1 0 1 0/0 22:49 2:42 1:20
Erik Cernak 0 0 0 0 0 0 2 2 0 0 0/0 15:36 0:00 0:00
Frederick Gaudreau 0 0 0 0 0 0 0 0 0 0 0/0 9:08 0:00 0:00
Haydn Fleury 0 0 0 -1 0 1 0 2 0 0 0/0 18:48 2:42 0:00
Ilya Mikheyev 0 0 0 0 0 1 0 0 0 0 0/0 9:33 0:00 0:00
Ivan Barbashev 0 0 0 -1 0 5 1 0 1 0 1/1 19:22 2:56 0:58
Jonathan Drouin 1 1 2 2 0 4 1 0 2 1 0/1 13:25 0:00 0:00
Joseph Veleno 0 0 0 -1 0 4 0 1 0 2 0/2 17:54 2:56 0:00
Luke Kunin 1 0 1 2 0 1 1 0 1 0 3/5 16:47 2:56 0:00
Pierre-Luc Dubois 0 0 0 -1 2 5 2 0 0 0 10/22 15:26 0:00 0:00
Rickard Rakell 0 1 1 0 0 3 2 1 1 0 0/0 19:26 3:01 1:01
Sean Durzi 0 1 1 1 0 0 1 1 2 0 0/0 23:55 3:15 0:39
Players Stats for Pittsburgh Penguins
Player Name G A P +/- PIM S H SB GA TA FO MP PP MP PK MP
------------------------------------------------------------------------------------
Blake Coleman 0 0 0 -1 2 2 2 0 2 1 0/0 15:58 0:57 0:00
Brian Dumoulin 0 0 0 -1 0 0 1 2 0 0 0/0 19:26 0:00 3:09
Brock Faber 0 0 0 -1 0 2 2 0 0 1 0/0 23:18 1:05 3:09
Dylan Guenther 1 0 1 0 0 1 0 0 0 1 0/0 14:18 0:00 0:00
Erik Gudbranson 0 0 0 -1 5 1 0 1 0 0 0/0 18:59 0:00 0:18
Erik Karlsson 0 1 1 1 0 1 2 3 0 0 0/0 22:59 0:54 2:48
Gabriel Vilardi 0 0 0 0 0 0 1 0 0 0 1/5 8:34 0:00 0:00
Jake Neighbours 0 0 0 0 0 1 0 0 0 0 0/1 8:34 0:00 0:00
James van Riemsdyk 0 0 0 0 0 4 1 0 0 0 0/0 8:34 0:00 0:00
Jean-Gabriel Pageau 0 1 1 0 2 1 1 0 0 0 8/9 14:19 0:00 0:00
Jordan Eberle 0 0 0 0 0 4 0 0 0 1 0/1 14:18 0:00 0:00
Leon Draisaitl 0 1 1 0 0 5 1 3 1 1 15/25 20:07 1:02 3:09
Mark Giordano 0 0 0 -1 2 0 1 1 0 1 0/0 17:30 1:05 0:00
Mattias Ekholm 0 0 0 1 0 2 3 1 0 0 0/0 22:09 0:54 2:48
Mitchell Marner 0 0 0 -1 0 3 0 0 3 0 2/8 18:47 0:57 2:48
Pavel Buchnevich 1 0 1 0 0 6 1 1 1 1 1/2 19:11 1:02 2:48
Phillip Danault 0 0 0 -1 0 2 2 0 0 1 7/17 15:59 0:57 0:00
Sam Reinhart 0 1 1 0 0 3 5 0 0 1 0/0 20:07 1:02 3:09
3 Stars
1 - Jonathan Drouin (SJS)
2 - Tristan Jarry (SJS)
3 - Luke Kunin (SJS)
Power Play
San Jose Sharks - 0 on 3 Attempt(s) - 0.00%
Pittsburgh Penguins - 0 on 1 Attempt(s) - 0.00%
Penalty Kill
San Jose Sharks - 1 on 1 Attempt(s) - 100.00%
- Score 0 goal in Penalty Kill
Pittsburgh Penguins - 3 on 3 Attempt(s) - 100.00%
- Score 0 goal in Penalty Kill
Team Stat
San Jose Sharks - Hits : 14 - Faceoff Wins : 34 - Blocked Shots : 14 - Penalty Minutes : 7
Pittsburgh Penguins - Hits : 23 - Faceoff Wins : 34 - Blocked Shots : 12 - Penalty Minutes : 11
Official
Referees : Brian Pochmara and Francis Charron
Linesman : Andrew Smith and Ryan Galloway
Game Notes
Erik Gudbranson and Connor Murphy fight to a draw at 15:33 of 2nd period
Finance
Level 1 -- Attendance: 5219 (86.98%) -- Ticket Income $521,900
Level 2 -- Attendance: 4228 (84.56%) -- Ticket Income $253,680
Level 3 -- Attendance: 2900 (96.67%) -- Ticket Income $101,500
Level 4 -- Attendance: 4159 (83.18%) -- Ticket Income $103,975
Luxury Box -- Attendance: 852 (85.20%) -- Ticket Income $170,400
Game was played at the Consol Energy Center.
Total Attendance: 17358 (86.79%)
Total Ticket Income: $1,151,455
Other Income: $403,009
Total Income: $1,554,464
San Jose Sharks
5 vs 5 Forward
Center Left Wing Right Wing Time % Phy DF OF
1 Adam Henrique Rickard Rakell Anthony Mantha 30 1 2 2
2 Pierre-Luc Dubois Joseph Veleno Ivan Barbashev 30 1 2 2
3 Christian Dvorak Jonathan Drouin Luke Kunin 25 1 2 2
4 Barrett Hayton Ilya Mikheyev Frederick Gaudreau 15 1 2 2
5 vs 5 Defense
Defense Defense Time % Phy DF OF
1 Christopher Tanev Dmitry Orlov 35 1 2 2
2 Sean Durzi Connor Murphy 35 1 2 2
3 Haydn Fleury Erik Cernak 30 1 2 2
4 Sean Durzi Christopher Tanev 0 1 2 2
PowerPlay Forward
Center Left Wing Right Wing Time % Phy DF OF
1 Adam Henrique Rickard Rakell Anthony Mantha 50 1 2 2
2 Luke Kunin Joseph Veleno Ivan Barbashev 50 1 2 2
PowerPlay Defense
Defense Defense Time % Phy DF OF
1 Christopher Tanev Sean Durzi 50 1 2 2
2 Haydn Fleury Dmitry Orlov 50 1 2 2
Penalty Kill 4 Players Forward
Center Wing Time % Phy DF OF
1 Adam Henrique Ivan Barbashev 50 1 2 2
2 Rickard Rakell Anthony Mantha 50 1 2 2
Penalty Kill 4 Players Defense
Defense Defense Time % Phy DF OF
1 Dmitry Orlov Connor Murphy 50 1 2 2
2 Christopher Tanev Sean Durzi 50 1 2 2
Penalty Kill - 3 Players Forward
Forward Time % Phy DF OF
1 Adam Henrique 50 1 2 2
2 Rickard Rakell 50 1 2 2
Penalty Kill - 3 Players Defense
Defense Defense Time % Phy DF OF
1 Christopher Tanev Dmitry Orlov 50 1 2 2
2 Sean Durzi Connor Murphy 50 1 2 2
4 vs 4 Forward
Center Wing Time % Phy DF OF
1 Adam Henrique Christian Dvorak 50 1 2 2
2 Rickard Rakell Anthony Mantha 50 1 2 2
4 vs 4 Defense
Defense Defense Time % Phy DF OF
1 Connor Murphy Dmitry Orlov 50 1 2 2
2 Sean Durzi Christopher Tanev 50 1 2 2
Last Minutes Offensive
Center Left Wing Right Wing Defense Defense
Adam Henrique Rickard Rakell Anthony Mantha Christopher Tanev Dmitry Orlov
Last Minutes Defensive
Center Left Wing Right Wing Defense Defense
Adam Henrique Rickard Rakell Anthony Mantha Christopher Tanev Dmitry Orlov
Goaltenders
Starting : Tristan Jarry
Backup : Logan Thompson
Extra Forwards
Normal : Adam Henrique, Christian Dvorak, Luke Kunin - PP : Adam Henrique, Christian Dvorak - PK : Luke Kunin
Extra Defensemen
Normal : Connor Murphy, Christopher Tanev, Sean Durzi - PP : Christopher Tanev - PK : Christopher Tanev, Sean Durzi
Penalty Shots
Adam Henrique, Christian Dvorak, Rickard Rakell, Anthony Mantha, Ivan Barbashev
Scratches
Brett Howden (Healthy), Victor Olofsson (Healthy), Mike Hoffman (Healthy), Sam Lafferty (Healthy), Clay Stevenson (Healthy)
Pittsburgh Penguins
5 vs 5 Forward
Center Left Wing Right Wing Time % Phy DF OF
1 Leon Draisaitl Pavel Buchnevich Sam Reinhart 30 1 2 2
2 Phillip Danault Blake Coleman Mitchell Marner 30 1 2 2
3 Jean-Gabriel Pageau Dylan Guenther Jordan Eberle 25 1 2 2
4 Gabriel Vilardi Jake Neighbours James van Riemsdyk 15 1 2 2
5 vs 5 Defense
Defense Defense Time % Phy DF OF
1 Mattias Ekholm Erik Karlsson 35 1 2 2
2 Erik Gudbranson Brock Faber 35 1 2 2
3 Mark Giordano Brian Dumoulin 30 1 2 2
4 Mattias Ekholm Erik Karlsson 0 1 2 2
PowerPlay Forward
Center Left Wing Right Wing Time % Phy DF OF
1 Leon Draisaitl Pavel Buchnevich Sam Reinhart 50 1 2 2
2 Phillip Danault Blake Coleman Mitchell Marner 50 1 2 2
PowerPlay Defense
Defense Defense Time % Phy DF OF
1 Mattias Ekholm Erik Karlsson 50 1 2 2
2 Mark Giordano Brock Faber 50 1 2 2
Penalty Kill 4 Players Forward
Center Wing Time % Phy DF OF
1 Leon Draisaitl Sam Reinhart 50 1 2 2
2 Mitchell Marner Pavel Buchnevich 50 1 2 2
Penalty Kill 4 Players Defense
Defense Defense Time % Phy DF OF
1 Mattias Ekholm Erik Karlsson 50 1 2 2
2 Brian Dumoulin Brock Faber 50 1 2 2
Penalty Kill - 3 Players Forward
Forward Time % Phy DF OF
1 Leon Draisaitl 50 1 2 2
2 Sam Reinhart 50 1 2 2
Penalty Kill - 3 Players Defense
Defense Defense Time % Phy DF OF
1 Mattias Ekholm Erik Karlsson 50 1 2 2
2 Brian Dumoulin Brock Faber 50 1 2 2
4 vs 4 Forward
Center Wing Time % Phy DF OF
1 Leon Draisaitl Sam Reinhart 50 1 2 2
2 Mitchell Marner Pavel Buchnevich 50 1 2 2
4 vs 4 Defense
Defense Defense Time % Phy DF OF
1 Mattias Ekholm Erik Karlsson 50 1 2 2
2 Mark Giordano Brock Faber 50 1 2 2
Last Minutes Offensive
Center Left Wing Right Wing Defense Defense
Leon Draisaitl Pavel Buchnevich Sam Reinhart Mattias Ekholm Erik Karlsson
Last Minutes Defensive
Center Left Wing Right Wing Defense Defense
Leon Draisaitl Pavel Buchnevich Sam Reinhart Mattias Ekholm Erik Karlsson
Goaltenders
Starting : Jordan Binnington
Backup : Marc-Andre Fleury
Extra Forwards
Normal : Jake Neighbours, Jordan Eberle, Sam Reinhart - PP : Jake Neighbours, Jordan Eberle - PK : Leon Draisaitl
Extra Defensemen
Normal : Mark Giordano, Brian Dumoulin, Erik Karlsson - PP : Mark Giordano - PK : Brian Dumoulin, Mattias Ekholm
Penalty Shots
Leon Draisaitl, Sam Reinhart, Mitchell Marner, Pavel Buchnevich, Blake Coleman
Scratches
None
% Time on Ice - San Jose Sharks
Lines # - Real PCT - Wanted PCT - Time Play
Normal Forward
1 - 30% - 30% - 16:19
2 - 28% - 30% - 14:58
3 - 25% - 25% - 13:25
4 - 17% - 15% - 9:08
Normal Defense
1 - 33% - 35% - 17:58
2 - 34% - 35% - 18:15
3 - 28% - 30% - 15:02
4 - 5% - 0% - 2:35
PP Forward
1 - 51% - 50% - 3:01
2 - 49% - 50% - 2:56
PP Defense
1 - 55% - 50% - 3:15
2 - 45% - 50% - 2:42
PK Forward
1 - 49% - 50% - 0:58
2 - 51% - 50% - 1:01
PK Defense
1 - 67% - 50% - 1:20
2 - 33% - 50% - 0:39
PK3 Forward
1 - 0% - 50%
2 - 0% - 50%
PK3 Defense
1 - 0% - 50%
2 - 0% - 50%
44 Forward
1 - 0% - 50%
2 - 0% - 50%
44 Defense
1 - 0% - 50%
2 - 0% - 50%
Last Minute Offensive - 0:00
Last Minute Defensive - 0:00
Total
Forward - 61:46
Defense - 61:46
|
% Time on Ice - Pittsburgh Penguins
Lines # - Real PCT - Wanted PCT - Time Play
Normal Forward
1 - 30% - 30% - 15:56
2 - 28% - 30% - 15:02
3 - 27% - 25% - 14:18
4 - 16% - 15% - 8:34
Normal Defense
1 - 34% - 35% - 18:27
2 - 35% - 35% - 18:57
3 - 31% - 30% - 16:26
4 - 0% - 0% - 0:00
PP Forward
1 - 52% - 50% - 1:02
2 - 48% - 50% - 0:57
PP Defense
1 - 45% - 50% - 0:54
2 - 55% - 50% - 1:05
PK Forward
1 - 53% - 50% - 3:09
2 - 47% - 50% - 2:48
PK Defense
1 - 47% - 50% - 2:48
2 - 53% - 50% - 3:09
PK3 Forward
1 - 0% - 50%
2 - 0% - 50%
PK3 Defense
1 - 0% - 50%
2 - 0% - 50%
44 Forward
1 - 0% - 50%
2 - 0% - 50%
44 Defense
1 - 0% - 50%
2 - 0% - 50%
Last Minute Offensive - 0:00
Last Minute Defensive - 0:00
Total
Forward - 61:46
Defense - 61:46
|
Play-by-Play
1st period
0:01 of 1st period - Adam Henrique wins face-off versus Leon Draisaitl in neutral zone.
1:07 of 1st period - Wrist shot by Pierre-Luc Dubois.
1:07 of 1st period - Stopped by Jordan Binnington without a rebound.
1:08 of 1st period - Pierre-Luc Dubois wins face-off versus Gabriel Vilardi in Pittsburgh Penguins zone.
1:13 of 1st period - Wrist shot by Pierre-Luc Dubois.
1:13 of 1st period - Deflect By Ivan Barbashev.
1:13 of 1st period - Stopped by Jordan Binnington without a rebound.
1:14 of 1st period - Adam Henrique wins face-off versus Phillip Danault in Pittsburgh Penguins zone.
1:53 of 1st period - Slapshot by Anthony Mantha.
1:53 of 1st period - Shot Blocked by Mark Giordano.
2:19 of 1st period - Wrist shot by Rickard Rakell.
2:19 of 1st period - Shot Misses the Net.
3:34 of 1st period - Snap shot by Dylan Guenther.
3:34 of 1st period - Shot Misses the Net.
3:37 of 1st period - Icing by Sean Durzi.
3:38 of 1st period - Leon Draisaitl wins face-off versus Adam Henrique in San Jose Sharks zone.
3:56 of 1st period - Icing by Anthony Mantha.
3:57 of 1st period - Adam Henrique wins face-off versus Mitchell Marner in San Jose Sharks zone.
4:04 of 1st period - Wrist shot by Rickard Rakell.
4:04 of 1st period - Stopped by Jordan Binnington without a rebound.
4:05 of 1st period - Pierre-Luc Dubois wins face-off versus Phillip Danault in Pittsburgh Penguins zone.
4:08 of 1st period - Wrist shot by Ivan Barbashev.
4:08 of 1st period - Shot Blocked by Mattias Ekholm.
5:01 of 1st period - Wrist shot by Ilya Mikheyev.
5:01 of 1st period - Shot Misses the Net.
5:27 of 1st period - Wrist shot by Leon Draisaitl.
5:27 of 1st period - Stopped by Tristan Jarry without a rebound.
5:28 of 1st period - Leon Draisaitl wins face-off versus Christian Dvorak in San Jose Sharks zone.
7:00 of 1st period - Wrist shot by Ivan Barbashev.
7:00 of 1st period - Stopped by Jordan Binnington without a rebound.
7:01 of 1st period - Barrett Hayton wins face-off versus Gabriel Vilardi in Pittsburgh Penguins zone.
7:26 of 1st period - Erik Gudbranson is hit by Pierre-Luc Dubois and loses puck.
7:31 of 1st period - Backhand shot by Pierre-Luc Dubois.
7:31 of 1st period - Shot Blocked by Pavel Buchnevich.
8:23 of 1st period - Slapshot by Gabriel Vilardi.
8:23 of 1st period - Shot Misses the Net.
8:25 of 1st period - Snap shot by Jake Neighbours.
8:25 of 1st period - Shot Misses the Net.
8:27 of 1st period - Slapshot by Mattias Ekholm.
8:27 of 1st period - Stopped by Tristan Jarry with a rebound.
9:16 of 1st period - Snap shot by Anthony Mantha.
9:16 of 1st period - Shot Misses the Net.
9:18 of 1st period - Slapshot by Connor Murphy.
9:18 of 1st period - Stopped by Jordan Binnington with a rebound.
9:20 of 1st period - Slapshot by Rickard Rakell.
9:20 of 1st period - Deflect By Dylan Guenther.
9:20 of 1st period - Shot Misses the Net.
9:20 of 1st period - Puck is out of play.
9:21 of 1st period - Phillip Danault wins face-off versus Pierre-Luc Dubois in Pittsburgh Penguins zone.
9:48 of 1st period - Sean Durzi is hit by Sam Reinhart and loses puck.
9:55 of 1st period - Slapshot by Sam Reinhart.
9:55 of 1st period - Shot Misses the Net.
10:54 of 1st period - Icing by Pierre-Luc Dubois.
10:55 of 1st period - Jean-Gabriel Pageau wins face-off versus Joseph Veleno in San Jose Sharks zone.
11:20 of 1st period - Erik Gudbranson is hit by Anthony Mantha and loses puck.
11:27 of 1st period - Wrist shot by Jordan Eberle.
11:27 of 1st period - Shot Misses the Net.
11:29 of 1st period - Snap shot by Jean-Gabriel Pageau.
11:29 of 1st period - Shot Misses the Net.
11:41 of 1st period - Slapshot by Jordan Eberle.
11:41 of 1st period - Stopped by Tristan Jarry with a rebound.
11:43 of 1st period - Slapshot by Brock Faber.
11:43 of 1st period - Deflect By Erik Cernak.
11:43 of 1st period - Stopped by Tristan Jarry without a rebound.
11:44 of 1st period - Leon Draisaitl wins face-off versus Joseph Veleno in San Jose Sharks zone.
11:49 of 1st period - Snap shot by Sam Reinhart.
11:49 of 1st period - Shot Misses the Net.
11:51 of 1st period - Snap shot by Leon Draisaitl.
11:51 of 1st period - Shot Misses the Net.
11:53 of 1st period - Wrist shot by Mattias Ekholm.
11:53 of 1st period - Shot Misses the Net.
11:55 of 1st period - Slapshot by Mattias Ekholm.
11:55 of 1st period - Shot Hit the Post.
11:57 of 1st period - Slapshot by Pavel Buchnevich.
11:57 of 1st period - Shot Blocked by Joseph Veleno.
11:59 of 1st period - Snap shot by Mattias Ekholm.
11:59 of 1st period - Deflect By Haydn Fleury.
11:59 of 1st period - Stopped by Tristan Jarry with a rebound.
12:01 of 1st period - Wrist shot by Sam Reinhart.
12:01 of 1st period - Stopped by Tristan Jarry without a rebound.
12:02 of 1st period - Christian Dvorak wins face-off versus Phillip Danault in San Jose Sharks zone.
12:06 of 1st period - Icing by Jonathan Drouin.
12:07 of 1st period - Phillip Danault wins face-off versus Christian Dvorak in San Jose Sharks zone.
12:16 of 1st period - Wrist shot by Mitchell Marner.
12:16 of 1st period - Stopped by Tristan Jarry with a rebound.
12:51 of 1st period - Minor Penalty to Pierre-Luc Dubois for High sticking.
12:52 of 1st period - Leon Draisaitl wins face-off versus Adam Henrique in San Jose Sharks zone.
13:40 of 1st period - Snap shot by Rickard Rakell.
13:40 of 1st period - Stopped by Jordan Binnington with a rebound.
13:42 of 1st period - Slapshot by Dmitry Orlov.
13:42 of 1st period - Shot Blocked by Leon Draisaitl.
13:44 of 1st period - Wrist shot by Dmitry Orlov.
13:44 of 1st period - Shot Blocked by Erik Karlsson.
14:51 of 1st period - Penalty to Pierre-Luc Dubois is over, Pierre-Luc Dubois is back on ice.
15:26 of 1st period - Connor Murphy is hit by Brock Faber.
15:38 of 1st period - Connor Murphy is hit by Gabriel Vilardi and loses puck.
15:59 of 1st period - Icing by Barrett Hayton.
16:00 of 1st period - Leon Draisaitl wins face-off versus Barrett Hayton in San Jose Sharks zone.
16:32 of 1st period - Wrist shot by Ilya Mikheyev.
16:32 of 1st period - Deflect By Barrett Hayton.
16:32 of 1st period - Shot Misses the Net.
16:32 of 1st period - Puck is out of play.
16:33 of 1st period - Phillip Danault wins face-off versus Christian Dvorak in Pittsburgh Penguins zone.
16:42 of 1st period - Backhand shot by Christian Dvorak.
16:42 of 1st period - Shot Hit the Post.
16:46 of 1st period - Wrist shot by Christian Dvorak.
16:46 of 1st period - Shot Blocked by Erik Gudbranson.
16:48 of 1st period - Slapshot by Haydn Fleury.
16:48 of 1st period - Stopped by Jordan Binnington with a rebound.
16:58 of 1st period - Haydn Fleury is hit by Sam Reinhart and loses puck.
17:03 of 1st period - Snap shot by Sam Reinhart.
17:03 of 1st period - Stopped by Tristan Jarry without a rebound.
17:04 of 1st period - Pierre-Luc Dubois wins face-off versus Leon Draisaitl in San Jose Sharks zone.
17:25 of 1st period - Snap shot by Pavel Buchnevich.
17:25 of 1st period - Shot Blocked by Connor Murphy.
17:27 of 1st period - Snap shot by Leon Draisaitl.
17:27 of 1st period - Shot Blocked by Connor Murphy.
17:29 of 1st period - Snap shot by Erik Karlsson.
17:29 of 1st period - Stopped by Tristan Jarry without a rebound.
17:30 of 1st period - Christian Dvorak wins face-off versus Phillip Danault in San Jose Sharks zone.
17:37 of 1st period - Backhand shot by Phillip Danault.
17:37 of 1st period - Stopped by Tristan Jarry without a rebound.
17:38 of 1st period - Phillip Danault wins face-off versus Christian Dvorak in San Jose Sharks zone.
18:07 of 1st period - Snap shot by Leon Draisaitl.
18:07 of 1st period - Stopped by Tristan Jarry with a rebound.
18:09 of 1st period - Slapshot by Pavel Buchnevich.
18:09 of 1st period - Goal by Pavel Buchnevich - San Jose Sharks : 0 - Pittsburgh Penguins : 1.
18:10 of 1st period - Ivan Barbashev wins face-off versus Phillip Danault in neutral zone.
18:21 of 1st period - Snap shot by Ivan Barbashev.
18:21 of 1st period - Shot Misses the Net.
18:42 of 1st period - Slapshot by Leon Draisaitl.
18:42 of 1st period - Stopped by Tristan Jarry with a rebound.
18:44 of 1st period - Snap shot by Pavel Buchnevich.
18:44 of 1st period - Shot Misses the Net.
18:46 of 1st period - Wrist shot by Pavel Buchnevich.
18:46 of 1st period - Stopped by Tristan Jarry with a rebound.
19:04 of 1st period - James van Riemsdyk is hit by Sean Durzi and loses puck.
Goals for this period are 0 for San Jose Sharks vs 1 for Pittsburgh Penguins.
Shots for this period are 7 for San Jose Sharks vs 14 for Pittsburgh Penguins.
2nd period
0:01 of 2nd period - Leon Draisaitl wins face-off versus Pierre-Luc Dubois in neutral zone.
0:40 of 2nd period - Blake Coleman is hit by Rickard Rakell and loses puck.
0:58 of 2nd period - Slapshot by Christian Dvorak.
0:58 of 2nd period - Shot Misses the Net.
1:00 of 2nd period - Snap shot by Christian Dvorak.
1:00 of 2nd period - Stopped by Jordan Binnington with a rebound.
1:23 of 2nd period - Mark Giordano is hit by Erik Cernak.
1:41 of 2nd period - Wrist shot by Leon Draisaitl.
1:41 of 2nd period - Shot Blocked by Haydn Fleury.
1:43 of 2nd period - Snap shot by Leon Draisaitl.
1:43 of 2nd period - Shot Misses the Net.
1:53 of 2nd period - Haydn Fleury is hit by Phillip Danault and loses puck.
2:18 of 2nd period - Slapshot by James van Riemsdyk.
2:18 of 2nd period - Stopped by Tristan Jarry with a rebound.
2:20 of 2nd period - Snap shot by Gabriel Vilardi.
2:20 of 2nd period - Shot Misses the Net.
2:22 of 2nd period - Snap shot by James van Riemsdyk.
2:22 of 2nd period - Stopped by Tristan Jarry without a rebound.
2:23 of 2nd period - Leon Draisaitl wins face-off versus Pierre-Luc Dubois in San Jose Sharks zone.
2:26 of 2nd period - Snap shot by Pavel Buchnevich.
2:26 of 2nd period - Stopped by Tristan Jarry with a rebound.
3:30 of 2nd period - Ilya Mikheyev is hit by James van Riemsdyk and loses puck.
3:58 of 2nd period - Slapshot by Ivan Barbashev.
3:58 of 2nd period - Shot Blocked by Leon Draisaitl.
4:38 of 2nd period - Jean-Gabriel Pageau is hit by Rickard Rakell and loses puck.
5:00 of 2nd period - Snap shot by Pierre-Luc Dubois.
5:00 of 2nd period - Shot Misses the Net.
5:02 of 2nd period - Snap shot by Pierre-Luc Dubois.
5:02 of 2nd period - Shot Misses the Net.
5:04 of 2nd period - Wrist shot by Joseph Veleno.
5:04 of 2nd period - Shot Misses the Net.
5:50 of 2nd period - Wrist shot by Blake Coleman.
5:50 of 2nd period - Stopped by Tristan Jarry without a rebound.
5:51 of 2nd period - Phillip Danault wins face-off versus Christian Dvorak in San Jose Sharks zone.
5:52 of 2nd period - Wrist shot by Mitchell Marner.
5:52 of 2nd period - Shot Misses the Net.
6:00 of 2nd period - Snap shot by Luke Kunin.
6:00 of 2nd period - Deflect By Erik Gudbranson.
6:00 of 2nd period - Shot Misses the Net.
6:00 of 2nd period - Puck is out of play.
6:01 of 2nd period - Phillip Danault wins face-off versus Pierre-Luc Dubois in Pittsburgh Penguins zone.
6:01 of 2nd period - Phillip Danault is hit by Ivan Barbashev.
6:07 of 2nd period - Wrist shot by Mitchell Marner.
6:07 of 2nd period - Stopped by Tristan Jarry without a rebound.
6:08 of 2nd period - Leon Draisaitl wins face-off versus Pierre-Luc Dubois in San Jose Sharks zone.
6:15 of 2nd period - Slapshot by Leon Draisaitl.
6:15 of 2nd period - Deflect By Pavel Buchnevich.
6:15 of 2nd period - Stopped by Tristan Jarry with a rebound.
7:00 of 2nd period - Wrist shot by Jonathan Drouin.
7:00 of 2nd period - Stopped by Jordan Binnington without a rebound.
7:01 of 2nd period - Christian Dvorak wins face-off versus Leon Draisaitl in Pittsburgh Penguins zone.
7:04 of 2nd period - Wrist shot by Jonathan Drouin.
7:04 of 2nd period - Shot Misses the Net.
7:59 of 2nd period - Snap shot by Dylan Guenther.
7:59 of 2nd period - Deflect By Jordan Eberle.
7:59 of 2nd period - Stopped by Tristan Jarry without a rebound.
8:00 of 2nd period - Christian Dvorak wins face-off versus Leon Draisaitl in San Jose Sharks zone.
8:00 of 2nd period - Christian Dvorak is hit by Sam Reinhart.
8:06 of 2nd period - Snap shot by Jonathan Drouin.
8:06 of 2nd period - Stopped by Jordan Binnington without a rebound.
8:07 of 2nd period - Leon Draisaitl wins face-off versus Christian Dvorak in Pittsburgh Penguins zone.
8:16 of 2nd period - Snap shot by Christian Dvorak.
8:16 of 2nd period - Stopped by Jordan Binnington with a rebound.
8:18 of 2nd period - Wrist shot by Christian Dvorak.
8:18 of 2nd period - Deflect By Jonathan Drouin.
8:18 of 2nd period - Goal by Jonathan Drouin - San Jose Sharks : 1 - Pittsburgh Penguins : 1.
8:19 of 2nd period - Leon Draisaitl wins face-off versus Pierre-Luc Dubois in neutral zone.
8:22 of 2nd period - Dmitry Orlov is hit by Sam Reinhart and loses puck.
8:45 of 2nd period - Dmitry Orlov is hit by Phillip Danault and loses puck.
9:10 of 2nd period - Wrist shot by Jordan Eberle.
9:10 of 2nd period - Shot Blocked by Connor Murphy.
9:57 of 2nd period - Snap shot by Pavel Buchnevich.
9:57 of 2nd period - Stopped by Tristan Jarry without a rebound.
9:58 of 2nd period - Adam Henrique wins face-off versus Phillip Danault in San Jose Sharks zone.
10:07 of 2nd period - Snap shot by Blake Coleman.
10:07 of 2nd period - Stopped by Tristan Jarry without a rebound.
10:08 of 2nd period - Adam Henrique wins face-off versus Phillip Danault in San Jose Sharks zone.
10:08 of 2nd period - Adam Henrique is hit by Blake Coleman.
10:36 of 2nd period - Snap shot by Mitchell Marner.
10:36 of 2nd period - Shot Misses the Net.
10:38 of 2nd period - Snap shot by Mitchell Marner.
10:38 of 2nd period - Stopped by Tristan Jarry without a rebound.
10:39 of 2nd period - Leon Draisaitl wins face-off versus Pierre-Luc Dubois in San Jose Sharks zone.
10:52 of 2nd period - Snap shot by Joseph Veleno.
10:52 of 2nd period - Stopped by Jordan Binnington with a rebound.
10:54 of 2nd period - Snap shot by Joseph Veleno.
10:54 of 2nd period - Shot Blocked by Brian Dumoulin.
11:01 of 2nd period - Icing by Mark Giordano.
11:02 of 2nd period - Jean-Gabriel Pageau wins face-off versus Jonathan Drouin in Pittsburgh Penguins zone.
12:38 of 2nd period - Snap shot by Joseph Veleno.
12:38 of 2nd period - Stopped by Jordan Binnington without a rebound.
12:39 of 2nd period - Jean-Gabriel Pageau wins face-off versus Pierre-Luc Dubois in Pittsburgh Penguins zone.
12:43 of 2nd period - Off-side.
12:44 of 2nd period - Pierre-Luc Dubois wins face-off versus Jordan Eberle in neutral zone.
12:47 of 2nd period - Wrist shot by Pierre-Luc Dubois.
12:47 of 2nd period - Shot Blocked by Erik Karlsson.
12:49 of 2nd period - Snap shot by Joseph Veleno.
12:49 of 2nd period - Shot Hit the Post.
12:51 of 2nd period - Snap shot by Connor Murphy.
12:51 of 2nd period - Shot Misses the Net.
12:53 of 2nd period - Wrist shot by Ivan Barbashev.
12:53 of 2nd period - Shot Misses the Net.
12:55 of 2nd period - Snap shot by Pierre-Luc Dubois.
12:55 of 2nd period - Stopped by Jordan Binnington without a rebound.
12:56 of 2nd period - Pierre-Luc Dubois wins face-off versus Leon Draisaitl in Pittsburgh Penguins zone.
13:23 of 2nd period - Adam Henrique is hit by Mattias Ekholm and loses puck.
13:52 of 2nd period - Slapshot by Luke Kunin.
13:52 of 2nd period - Deflect By Christian Dvorak.
13:52 of 2nd period - Shot Misses the Net.
13:52 of 2nd period - Puck is out of play.
13:53 of 2nd period - Pierre-Luc Dubois wins face-off versus Leon Draisaitl in Pittsburgh Penguins zone.
13:54 of 2nd period - Snap shot by Ivan Barbashev.
13:54 of 2nd period - Stopped by Jordan Binnington with a rebound.
13:56 of 2nd period - Wrist shot by Pierre-Luc Dubois.
13:56 of 2nd period - Shot Blocked by Erik Karlsson.
14:00 of 2nd period - Snap shot by Ivan Barbashev.
14:00 of 2nd period - Shot Blocked by Leon Draisaitl.
14:04 of 2nd period - Wrist shot by Pierre-Luc Dubois.
14:04 of 2nd period - Stopped by Jordan Binnington without a rebound.
14:05 of 2nd period - Christian Dvorak wins face-off versus Mitchell Marner in Pittsburgh Penguins zone.
14:12 of 2nd period - Snap shot by Luke Kunin.
14:12 of 2nd period - Goal by Luke Kunin - San Jose Sharks : 2 - Pittsburgh Penguins : 1.
14:13 of 2nd period - Pavel Buchnevich wins face-off versus Pierre-Luc Dubois in neutral zone.
14:39 of 2nd period - Connor Murphy is hit by Mattias Ekholm and loses puck.
15:10 of 2nd period - Slapshot by Ivan Barbashev.
15:10 of 2nd period - Shot Misses the Net.
15:12 of 2nd period - Snap shot by Joseph Veleno.
15:12 of 2nd period - Stopped by Jordan Binnington with a rebound.
15:14 of 2nd period - Snap shot by Pierre-Luc Dubois.
15:14 of 2nd period - Stopped by Jordan Binnington without a rebound.
15:15 of 2nd period - Adam Henrique wins face-off versus Phillip Danault in Pittsburgh Penguins zone.
15:33 of 2nd period - Erik Gudbranson and Connor Murphy fight to a draw.
15:33 of 2nd period - Penalty to Erik Gudbranson for Fighting.
15:33 of 2nd period - Penalty to Connor Murphy for Fighting.
15:34 of 2nd period - Christian Dvorak wins face-off versus Leon Draisaitl in San Jose Sharks zone.
16:38 of 2nd period - Icing by Brock Faber.
16:39 of 2nd period - Christian Dvorak wins face-off versus Jake Neighbours in Pittsburgh Penguins zone.
17:15 of 2nd period - Slapshot by Leon Draisaitl.
17:15 of 2nd period - Shot Blocked by Christopher Tanev.
17:33 of 2nd period - Dmitry Orlov is hit by Mark Giordano and loses puck.
18:15 of 2nd period - Wrist shot by Jonathan Drouin.
18:15 of 2nd period - Shot Misses the Net.
18:17 of 2nd period - Wrist shot by Luke Kunin.
18:17 of 2nd period - Shot Hit the Post.
18:27 of 2nd period - Jordan Eberle is hit by Anthony Mantha and loses puck.
18:42 of 2nd period - Slapshot by Jean-Gabriel Pageau.
18:42 of 2nd period - Shot Blocked by Sean Durzi.
18:44 of 2nd period - Snap shot by Jean-Gabriel Pageau.
18:44 of 2nd period - Deflect By Dylan Guenther.
18:44 of 2nd period - Goal by Dylan Guenther - San Jose Sharks : 2 - Pittsburgh Penguins : 2.
18:45 of 2nd period - Christian Dvorak wins face-off versus Pavel Buchnevich in neutral zone.
18:51 of 2nd period - Minor Penalty to Mark Giordano for Kneeing.
18:52 of 2nd period - Adam Henrique wins face-off versus Leon Draisaitl in Pittsburgh Penguins zone.
19:04 of 2nd period - Wrist shot by Rickard Rakell.
19:04 of 2nd period - Stopped by Jordan Binnington with a rebound.
19:06 of 2nd period - Snap shot by Adam Henrique.
19:06 of 2nd period - Stopped by Jordan Binnington without a rebound.
19:07 of 2nd period - Mitchell Marner wins face-off versus Luke Kunin in Pittsburgh Penguins zone.
Goals for this period are 2 for San Jose Sharks vs 1 for Pittsburgh Penguins.
Shots for this period are 15 for San Jose Sharks vs 11 for Pittsburgh Penguins.
3rd period
0:01 of 3rd period - Luke Kunin wins face-off versus Mitchell Marner in neutral zone.
0:26 of 3rd period - Adam Henrique is hit by Leon Draisaitl and loses puck.
0:33 of 3rd period - Penalty to Erik Gudbranson is over, Erik Gudbranson is back on ice.
2:02 of 3rd period - Slapshot by Jean-Gabriel Pageau.
2:02 of 3rd period - Shot Misses the Net.
3:53 of 3rd period - Off-side.
3:54 of 3rd period - Jean-Gabriel Pageau wins face-off versus Pierre-Luc Dubois in neutral zone.
4:42 of 3rd period - Brock Faber is hit by Jonathan Drouin and loses puck.
4:52 of 3rd period - Minor Penalty to Blake Coleman for Cross-checking.
4:53 of 3rd period - Luke Kunin wins face-off versus Mitchell Marner in Pittsburgh Penguins zone.
5:03 of 3rd period - Snap shot by Ivan Barbashev.
5:03 of 3rd period - Stopped by Jordan Binnington without a rebound.
5:04 of 3rd period - Mitchell Marner wins face-off versus Anthony Mantha in Pittsburgh Penguins zone.
5:14 of 3rd period - Off-side.
5:15 of 3rd period - Leon Draisaitl wins face-off versus Luke Kunin in neutral zone.
5:40 of 3rd period - Pavel Buchnevich is hit by Christopher Tanev and loses puck.
6:52 of 3rd period - Penalty to Blake Coleman is over, Blake Coleman is back on ice.
7:19 of 3rd period - James van Riemsdyk is hit by Erik Cernak and loses puck.
7:28 of 3rd period - Christian Dvorak is hit by Mattias Ekholm and loses puck.
7:56 of 3rd period - Snap shot by Ilya Mikheyev.
7:56 of 3rd period - Stopped by Jordan Binnington with a rebound.
8:23 of 3rd period - Connor Murphy is hit by Pavel Buchnevich and loses puck.
8:45 of 3rd period - Dmitry Orlov is hit by Blake Coleman.
8:57 of 3rd period - Wrist shot by James van Riemsdyk.
8:57 of 3rd period - Shot Blocked by Dmitry Orlov.
8:59 of 3rd period - Wrist shot by James van Riemsdyk.
8:59 of 3rd period - Stopped by Tristan Jarry with a rebound.
9:01 of 3rd period - Slapshot by Brock Faber.
9:01 of 3rd period - Stopped by Tristan Jarry with a rebound.
9:03 of 3rd period - Snap shot by Gabriel Vilardi.
9:03 of 3rd period - Shot Blocked by Christopher Tanev.
9:46 of 3rd period - Phillip Danault is hit by Pierre-Luc Dubois and loses puck.
10:22 of 3rd period - Erik Cernak is hit by Erik Karlsson.
10:52 of 3rd period - Wrist shot by Ivan Barbashev.
10:52 of 3rd period - Stopped by Jordan Binnington without a rebound.
10:53 of 3rd period - Pierre-Luc Dubois wins face-off versus Leon Draisaitl in Pittsburgh Penguins zone.
11:59 of 3rd period - Snap shot by Sean Durzi.
11:59 of 3rd period - Deflect By Barrett Hayton.
11:59 of 3rd period - Stopped by Jordan Binnington with a rebound.
12:23 of 3rd period - Haydn Fleury is hit by Erik Karlsson and loses puck.
12:36 of 3rd period - Wrist shot by Jonathan Drouin.
12:36 of 3rd period - Stopped by Jordan Binnington with a rebound.
12:38 of 3rd period - Snap shot by Jonathan Drouin.
12:38 of 3rd period - Shot Misses the Net.
12:40 of 3rd period - Wrist shot by Christopher Tanev.
12:40 of 3rd period - Deflect By Jonathan Drouin.
12:40 of 3rd period - Shot Misses the Net.
12:40 of 3rd period - Puck is out of play.
12:41 of 3rd period - Leon Draisaitl wins face-off versus Christian Dvorak in Pittsburgh Penguins zone.
12:46 of 3rd period - Slapshot by Leon Draisaitl.
12:46 of 3rd period - Stopped by Tristan Jarry with a rebound.
13:10 of 3rd period - Slapshot by Brock Faber.
13:10 of 3rd period - Deflect By Jordan Eberle.
13:10 of 3rd period - Stopped by Tristan Jarry without a rebound.
13:11 of 3rd period - Jean-Gabriel Pageau wins face-off versus Pierre-Luc Dubois in San Jose Sharks zone.
13:12 of 3rd period - Snap shot by Dylan Guenther.
13:12 of 3rd period - Shot Blocked by Erik Cernak.
13:20 of 3rd period - Ivan Barbashev is hit by Jean-Gabriel Pageau and loses puck.
13:24 of 3rd period - Icing by Erik Cernak.
13:25 of 3rd period - Pierre-Luc Dubois wins face-off versus Leon Draisaitl in San Jose Sharks zone.
13:34 of 3rd period - Wrist shot by Pavel Buchnevich.
13:34 of 3rd period - Stopped by Tristan Jarry without a rebound.
13:35 of 3rd period - Leon Draisaitl wins face-off versus Adam Henrique in San Jose Sharks zone.
13:52 of 3rd period - Snap shot by Pavel Buchnevich.
13:52 of 3rd period - Shot Blocked by Anthony Mantha.
15:04 of 3rd period - Snap shot by Sam Reinhart.
15:04 of 3rd period - Stopped by Tristan Jarry with a rebound.
15:06 of 3rd period - Backhand shot by Brock Faber.
15:06 of 3rd period - Shot Misses the Net.
15:08 of 3rd period - Slapshot by Erik Gudbranson.
15:08 of 3rd period - Stopped by Tristan Jarry with a rebound.
15:10 of 3rd period - Wrist shot by Pavel Buchnevich.
15:10 of 3rd period - Deflect By Sam Reinhart.
15:10 of 3rd period - Shot Hit the Post.
15:10 of 3rd period - Puck is out of play.
15:11 of 3rd period - Jean-Gabriel Pageau wins face-off versus Adam Henrique in San Jose Sharks zone.
15:12 of 3rd period - Snap shot by Jordan Eberle.
15:12 of 3rd period - Stopped by Tristan Jarry with a rebound.
15:14 of 3rd period - Wrist shot by Jean-Gabriel Pageau.
15:14 of 3rd period - Shot Blocked by Erik Cernak.
15:16 of 3rd period - Wrist shot by Dylan Guenther.
15:16 of 3rd period - Shot Blocked by Rickard Rakell.
15:18 of 3rd period - Snap shot by Jordan Eberle.
15:18 of 3rd period - Shot Misses the Net.
15:20 of 3rd period - Snap shot by Jean-Gabriel Pageau.
15:20 of 3rd period - Stopped by Tristan Jarry without a rebound.
15:21 of 3rd period - Adam Henrique wins face-off versus Jean-Gabriel Pageau in San Jose Sharks zone.
15:30 of 3rd period - Snap shot by Adam Henrique.
15:30 of 3rd period - Stopped by Jordan Binnington with a rebound.
15:46 of 3rd period - Snap shot by Jean-Gabriel Pageau.
15:46 of 3rd period - Shot Misses the Net.
15:48 of 3rd period - Slapshot by Brian Dumoulin.
15:48 of 3rd period - Deflect By Jordan Eberle.
15:48 of 3rd period - Shot Misses the Net.
15:48 of 3rd period - Puck is out of play.
15:49 of 3rd period - Barrett Hayton wins face-off versus Gabriel Vilardi in San Jose Sharks zone.
16:20 of 3rd period - Snap shot by Ivan Barbashev.
16:20 of 3rd period - Shot Misses the Net.
16:22 of 3rd period - Wrist shot by Pierre-Luc Dubois.
16:22 of 3rd period - Shot Misses the Net.
16:24 of 3rd period - Wrist shot by Connor Murphy.
16:24 of 3rd period - Deflect By Phillip Danault.
16:24 of 3rd period - Stopped by Jordan Binnington without a rebound.
16:25 of 3rd period - Jean-Gabriel Pageau wins face-off versus Christian Dvorak in Pittsburgh Penguins zone.
16:25 of 3rd period - Jean-Gabriel Pageau is hit by Luke Kunin.
16:28 of 3rd period - Minor Penalty to Jean-Gabriel Pageau for Holding.
16:29 of 3rd period - Luke Kunin wins face-off versus Mitchell Marner in Pittsburgh Penguins zone.
16:29 of 3rd period - Slapshot by Ivan Barbashev.
16:29 of 3rd period - Shot Misses the Net.
16:41 of 3rd period - Snap shot by Ivan Barbashev.
16:41 of 3rd period - Shot Blocked by Brian Dumoulin.
16:58 of 3rd period - Off-side.
16:59 of 3rd period - Adam Henrique wins face-off versus Mitchell Marner in neutral zone.
17:12 of 3rd period - Slapshot by Rickard Rakell.
17:12 of 3rd period - Shot Misses the Net.
17:14 of 3rd period - Wrist shot by Rickard Rakell.
17:14 of 3rd period - Shot Misses the Net.
17:24 of 3rd period - Luke Kunin is hit by Sam Reinhart and loses puck.
17:31 of 3rd period - Slapshot by Haydn Fleury.
17:31 of 3rd period - Deflect By Luke Kunin.
17:31 of 3rd period - Shot Misses the Net.
17:31 of 3rd period - Puck is out of play.
17:32 of 3rd period - Leon Draisaitl wins face-off versus Adam Henrique in Pittsburgh Penguins zone.
17:32 of 3rd period - Leon Draisaitl is hit by Adam Henrique.
18:28 of 3rd period - Penalty to Jean-Gabriel Pageau is over, Jean-Gabriel Pageau is back on ice.
18:43 of 3rd period - Snap shot by James van Riemsdyk.
18:43 of 3rd period - Stopped by Tristan Jarry without a rebound.
18:44 of 3rd period - Jean-Gabriel Pageau wins face-off versus Adam Henrique in San Jose Sharks zone.
19:20 of 3rd period - Rickard Rakell is hit by Brock Faber and loses puck.
19:34 of 3rd period - Off-side.
19:35 of 3rd period - Gabriel Vilardi wins face-off versus Christian Dvorak in neutral zone.
19:40 of 3rd period - Snap shot by Jake Neighbours.
19:40 of 3rd period - Stopped by Tristan Jarry without a rebound.
19:41 of 3rd period - Christian Dvorak wins face-off versus Gabriel Vilardi in San Jose Sharks zone.
Goals for this period are 0 for San Jose Sharks vs 0 for Pittsburgh Penguins.
Shots for this period are 7 for San Jose Sharks vs 11 for Pittsburgh Penguins.
Overtime #1
0:01 of 1st overtime period - Pierre-Luc Dubois wins face-off versus Phillip Danault in neutral zone.
0:04 of 1st overtime period - Wrist shot by Ivan Barbashev.
0:04 of 1st overtime period - Shot Hit the Post.
0:06 of 1st overtime period - Snap shot by Pierre-Luc Dubois.
0:06 of 1st overtime period - Shot Misses the Net.
0:08 of 1st overtime period - Wrist shot by Joseph Veleno.
0:08 of 1st overtime period - Stopped by Jordan Binnington with a rebound.
0:10 of 1st overtime period - Snap shot by Pierre-Luc Dubois.
0:10 of 1st overtime period - Stopped by Jordan Binnington without a rebound.
0:11 of 1st overtime period - Pierre-Luc Dubois wins face-off versus Phillip Danault in Pittsburgh Penguins zone.
0:38 of 1st overtime period - Dmitry Orlov is hit by Brian Dumoulin and loses puck.
0:49 of 1st overtime period - Wrist shot by Sam Reinhart.
0:49 of 1st overtime period - Shot Blocked by Haydn Fleury.
1:13 of 1st overtime period - Snap shot by Leon Draisaitl.
1:13 of 1st overtime period - Stopped by Tristan Jarry without a rebound.
1:14 of 1st overtime period - Phillip Danault wins face-off versus Pierre-Luc Dubois in San Jose Sharks zone.
1:23 of 1st overtime period - Wrist shot by Phillip Danault.
1:23 of 1st overtime period - Stopped by Tristan Jarry with a rebound.
1:46 of 1st overtime period - Backhand shot by Rickard Rakell.
1:46 of 1st overtime period - Deflect By Adam Henrique.
1:46 of 1st overtime period - Goal by Adam Henrique - San Jose Sharks : 3 - Pittsburgh Penguins : 2.
Goals for this period are 1 for San Jose Sharks vs 0 for Pittsburgh Penguins.
Shots for this period are 3 for San Jose Sharks vs 2 for Pittsburgh Penguins.
Back to the Top